 Dungeon Crawl Stone Soup version 0.22-a0-283-g1871b15 (webtiles) character file.

778 4thArraOfDagon the Slasher (level 8, -4/60 HPs)
             Began as a Formicid Warper on Mar 19, 2018.
             Was an Elder of Cheibriados.
             Splashed by a jelly's acid (6 damage)
             ... on level 5 of the Dungeon.
             The game lasted 00:13:39 (2788 turns).

4thArraOfDagon the Slasher (Formicid Warper)        Turns: 2788, Time: 00:13:39

Health: -4/60      AC: -1    Str: 25    XL:     8   Next: 10%
Magic:  11/11      EV: 19    Int: 26    God:    Cheibriados [****..]
Gold:   219        SH:  0    Dex: 20    Spells: 11/11 levels left

rFire    . . .     SeeInvis +   a - +0 falchion
rCold    . . .     Gourm    .   (no shield)
rNeg     . . .     Faith    .   d - +4 ring mail
rPois    .         Spirit   .   (helmet unavailable)
rElec    .         Reflect  .   y - +0 cloak
rCorr    .         Harm     .   (no gloves)
MR       .....                  (no boots)
Stlth    ..........             l - amulet of magic regeneration
HPRegen  0.20/turn              c - +6 ring of evasion
MPRegen  0.37/turn              t - ring of loudness (curse)

@: corroded, very slow
A: permanent stasis, dig shafts and tunnels, four strong arms, antennae 3
a: Dig, Shaft Self, Bend Time, Temporal Distortion, Slouch, Renounce Religion


You were on level 5 of the Dungeon.
You worshipped Cheibriados.
Cheibriados was greatly pleased with you.
You were not hungry.

You visited 2 branches of the dungeon, and saw 7 of its levels.

You collected 219 gold pieces.

Inventory:

Hand Weapons
 a - a +0 falchion (weapon)
 i - a +0 dagger of venom
Missiles
 e - 5 tomahawks of dispersal (quivered)
 p - 8 curare-tipped needles
Armour
 d - a +4 ring mail (worn)
 y - a +0 cloak (worn)
Jewellery
 c - a +6 ring of evasion (left hand)
 h - an uncursed ring of flight
 l - an amulet of magic regeneration (around neck)
 t - a cursed ring of loudness (right hand)
Wands
 j - a wand of enslavement (19)
 r - a wand of acid (4)
Scrolls
 b - a scroll of random uselessness {unknown}
 k - a scroll of enchant weapon {unknown}
 m - a scroll of identify
 n - a scroll of fog {unknown}
 u - a scroll of immolation {unknown}
 v - a scroll of remove curse {unknown}
Potions
 g - a potion of magic {unknown}
 o - 3 potions of flight {unknown}
 q - 2 potions of curing
 s - a potion of experience {unknown}
 x - a potion of cancellation
Comestibles
 f - 18 rations


   Skills:
 + Level 4.0 Fighting
 * Level 6.7 Long Blades
 - Level 1.0 Throwing
 - Level 1.1 Armour
 + Level 3.2 Dodging
 - Level 2.1 Spellcasting
   Level 2.6 Translocations
 + Level 3.5 Invocations


You had 11 spell levels left.
You didn't know any spells.

Dungeon Overview and Level Annotations

Branches:
Dungeon (6/15)             Temple (1/1) D:4

Altars:
Ashenzari
Cheibriados
Dithmenos
Gozag
Makhleb
Uskayaw
Xom
Yredelemnul
Zin

Annotations:
D:3 tidbits's ghost, weakling GnTm


Innate Abilities, Weirdness & Mutations

You cannot be hasted, slowed, berserked, paralysed or teleported.
You can dig through walls and to a lower floor.
Your four strong arms can wield two-handed weapons with a shield.
You have a pair of large antennae on your head. (SInv)


Message History

Unknown command.
You hit the jelly but do no damage.
Your hands burn!
The jelly is severely wounded.
The jelly hits you.
* * * LOW HITPOINT WARNING * * *
You are splashed with acid!
The acid burns!
* * * LOW HITPOINT WARNING * * *
Unknown command.
Unknown command.
You feel better. The jelly hits you.
* * * LOW HITPOINT WARNING * * *
You are splashed with acid!
The acid burns!
* * * LOW HITPOINT WARNING * * *
Unknown command.
Unknown command.
You fail to use your ability.
The jelly closely misses you.
You fail to use your ability.
The jelly hits you.
* * * LOW HITPOINT WARNING * * *
You are splashed with acid!
The acid burns!
You die...

#.############
#
.######.#####
###
............#
..#
.#####..###.#
#. #...##.##
#.# #.#......
#.# #...##...
#.
##.#####..##
## ##
.......@J.#
#{{
.....######
#P{ ### #รท.
#.{ #..


#PP #.. You could see a jelly.

Vanquished Creatures
  A centaur (D:6)
  2 big kobolds (D:5)
  A scorpion (D:5)
  2 centaur zombies (D:5)
  A jelly (D:6)
  Crazy Yiuf (D:3)
  An orc priest (D:5)
  An orc wizard (D:4)
  An iguana (D:6)
  A worker ant (D:5)
  11 adders
  2 oozes
  5 worms
  4 dart slugs
  3 leopard geckos
  15 orcs
  10 bats
  4 giant cockroaches
  14 goblins
  9 hobgoblins
  11 jackals
  3 quokkas
  8 frilled lizards
  A jackal zombie (D:5)
  12 kobolds
  A leopard gecko zombie (D:5)
  A quokka skeleton (D:6)
  25 rats
  A fungus (D:3)
152 creatures vanquished.

Vanquished Creatures (others)
  A fungus (D:5)
  8 toadstools (D:5)
9 creatures vanquished.

Grand Total: 161 creatures vanquished

Notes
Turn   | Place    | Note
-------+----------+-------------------------------------------
     0 | D:1      | 4thArraOfDagon the Formicid Warper began the quest for the Orb.
     0 | D:1      | Reached XP level 1. HP: 16/16 MP: 3/3
    65 | D:1      | Reached XP level 2. HP: 21/22 MP: 5/5
   134 | D:1      | Reached skill level 3 in Long Blades
   225 | D:1      | Reached XP level 3. HP: 27/27 MP: 6/6
   561 | D:2      | Reached skill level 4 in Long Blades
   561 | D:2      | Reached XP level 4. HP: 33/33 MP: 7/7
   632 | D:3      | Noticed tidbits's ghost (weakling GnTm)
   734 | D:4      | Found a staircase to the Ecumenical Temple.
   742 | Temple   | Entered the Ecumenical Temple
   792 | Temple   | Became a worshipper of Cheibriados the Contemplative
   966 | D:3      | Found an opulent altar of Gozag.
  1052 | D:3      | Reached * piety under Cheibriados
  1075 | D:4      | Reached XP level 5. HP: 18/38 MP: 8/8
  1366 | D:3      | Reached skill level 5 in Long Blades
  1458 | D:3      | Found a runed door.
  1462 | D:3      | Noticed Crazy Yiuf
  1466 | D:3      | Killed Crazy Yiuf
  1620 | D:2      | Reached ** piety under Cheibriados
  1658 | D:2      | Reached skill level 1 in Invocations
  1709 | D:2      | Reached XP level 6. HP: 46/46 MP: 9/9
  2113 | D:4      | Reached *** piety under Cheibriados
  2242 | D:5      | Entered Level 5 of the Dungeon
  2372 | D:5      | You fall through a shaft!
  2378 | D:6      | Reached XP level 7. HP: 15/52 MP: 10/10
  2537 | D:5      | Reached skill level 6 in Long Blades
  2571 | D:5      | Reached **** piety under Cheibriados
  2705 | D:5      | Noticed a slime creature
  2705 | D:5      | Noticed a slime creature
  2705 | D:5      | Noticed a slime creature
  2709 | D:5      | You fall through a shaft!
  2764 | D:5      | Reached XP level 8. HP: 47/60 MP: 11/11
  2786 | D:5      | HP: 3/60 [acid (8)]
  2788 | D:5      | Splashed by a jelly's acid

Vault maps used:
D:1:      eino_arrival_cavern_d, minmay_ruptured
D:2:      minmay_rat_hole
D:3:      first_ration, grunt_gozag_statues, uniq_crazy_yiuf_cottage
D:4:      minmay_temple_entry_glassed_door, kennysheep_generic_room_4
D:5:      cheibrodos_fertilizer, kennysheep_little_box, grunt_ministairs_14,
          uniq_eustachio, uniq_blork_the_orc
D:6:      serial_shops, kennysheep_mini_moat, tgw_trog, uniq_edmund
Temple:   roderic_octagonal_lattice_temple

Skill      XL: |  1  2  3  4  5  6  7 |
---------------+----------------------+-----
Long Blades    | 3 4 5 6 |  6.7
Dodging        | 2 3 |  3.2
Invocations    | 1 2 3 |  3.5
Fighting       | 3 4 |  4.0
Throwing       | |  1.0
Armour         | |  1.1
Spellcasting   | |  2.1
Translocations | |  2.6

Action                   |  1- 3 |  4- 6 |  7- 9 || total
-------------------------+-------+-------+-------++-------
Melee: Falchion          |   128 |   352 |    99 ||   579
 Abil: Dig               |     3 |    19 |     5 ||    27
       Shaft Self        |       |     1 |     1 ||     2
Evoke: Wand              |       |     2 |     1 ||     3
  Use: Scroll            |       |     5 |     1 ||     6
       Potion            |       |     1 |     2 ||     3
  Eat: Chunk             |       |     6 |     1 ||     7
       Ration            |       |       |     1 ||     1
Armor: Leather armour    |     8 |       |       ||     8
       Ring mail         |    18 |    83 |    27 ||   128
       Plate armour      |    31 |       |       ||    31
Dodge: Dodged            |   114 |   301 |    92 ||   507
       Rpst.: Falchion   |    33 |    82 |    24 ||   139

Table legend:
 A = Spawn XP
 B = Non-spawn XP
 C = Spawn XP percentage of total XP
 D = Spawn monster count
 E = Non-spawn monster count
 F = Spawn count percentage of total count
 G = Total turns spent on level
                    A         B        C        D         E        F      G
               +---------+---------+-------+---------+---------+-------+---------
         Total |       0 |    1112 |   0.0 |       0 |     151 |   0.0 |  2788
               +---------+---------+-------+---------+---------+-------+---------
           D:1 |       0 |      71 |   0.0 |       0 |      37 |   0.0 |   574
           D:2 |       0 |     111 |   0.0 |       0 |      43 |   0.0 |   506
           D:3 |       0 |     106 |   0.0 |       0 |      27 |   0.0 |   683
           D:4 |       0 |     127 |   0.0 |       0 |      13 |   0.0 |   410
           D:5 |       0 |     469 |   0.0 |       0 |      24 |   0.0 |   347
           D:6 |       0 |     228 |   0.0 |       0 |       7 |   0.0 |   199
               +---------+---------+-------+---------+---------+-------+---------
